 Dungeon Crawl Stone Soup version 0.26-a0-439-g855e26d (webtiles) character file.

Game seed: 5225480577231773095

5280 ringofvoid the Spear-Bearer (level 10, -26/86 HPs)
             Began as a Human Berserker on July 27, 2020.
             Was an Elder of Trog.
             Killed from afar by Fannar (47 damage)
             ... with a bolt of cold
             ... on level 10 of the Dungeon.
             The game lasted 01:09:04 (17335 turns).

ringofvoid the Spear-Bearer (Human Berserker)      Turns: 17335, Time: 01:09:04

Health: -26/86     AC: 11    Str: 21    XL:     10   Next: 94%
Magic:  10/10      EV: 12    Int:  7    God:    Trog [****..]
Gold:   555        SH:  0    Dex: 13    Spells: 9/9 levels left

rFire    . . .     SeeInvis +   G - +3 scythe (venom)
rCold    . . .     Faith    .   (shield currently unavailable)
rNeg     . . .     Spirit   .   M - +1 steam dragon scales
rPois    .         Reflect  .   (no helmet)
rElec    .         Harm     .   (no cloak)
rCorr    .                      (no gloves)
MR       ++...                  (no boots)
Stlth    +.........             C - amulet of regeneration
HPRegen  1.64/turn              d - ring of see invisible
MPRegen  0.12/turn              g - +4 ring of protection

@: berserk cooldown, regenerating, slowed, very slow
A: no striking features
a: Berserk, Trog's Hand, Brothers in Arms, Renounce Religion


You were on level 10 of the Dungeon.
You worshipped Trog.
Trog was greatly pleased with you.
You visited 1 branch of the dungeon, and saw 10 of its levels.

You collected 621 gold pieces.
You spent 66 gold pieces at shops.

Inventory:

Hand Weapons
 a - a +0 spear
 u - a +0 great mace
 v - a cursed +0 falchion
 F - a +2 flail of draining
 G - a +3 scythe of venom (weapon)
Armour
 b - a +0 animal skin
 c - a +0 plate armour of fire resistance
 l - a +0 scale mail of magic resistance
 p - a +0 pair of boots
 r - a +0 chain mail
 B - the +0 ring mail "Cameluet" {rN+ rCorr Int+2 Stlth-, unknown}
   (You found it on level 6 of the Dungeon)

   It affects your intelligence (+2).
   It protects you from negative energy.
   It provides partial protection from all sources of acid and corrosion.
   It makes you less stealthy.
 D - a +2 ring mail of fire resistance
 H - a +0 robe of cold resistance
 M - +1 steam dragon scales (worn)
 O - a -1 pair of gloves
Jewellery
 d - a ring of see invisible (left hand)
 g - a +4 ring of protection (right hand)
 i - an uncursed amulet of magic regeneration
 C - an amulet of regeneration (around neck)
 N - an uncursed ring of poison resistance {unknown}
Wands
 e - a wand of flame (7)
 m - a wand of polymorph (9)
 x - a wand of disintegration (12)
 A - a wand of acid (16)
Scrolls
 f - 4 scrolls of teleportation
 k - a scroll of remove curse
 s - 2 scrolls of magic mapping
 z - a scroll of fear
 E - 2 scrolls of identify
Potions
 h - 2 potions of haste
 j - 2 potions of resistance
 n - a potion of brilliance {unknown}
 o - a potion of degeneration
 t - a potion of mutation {unknown}
 I - 2 potions of lignification {unknown}
 L - 3 potions of curing


   Skills:
 + Level 10.6 Fighting
 + Level 10.6 Polearms
 + Level 5.9 Armour
 - Level 2.0 Dodging


You had 9 spell levels left.
You didn't know any spells.
Your spell library was empty.

Dungeon Overview and Level Annotations

Branches:
Dungeon (10/15)            Temple (0/1) D:6
   Lair: D:8-11         Orc: D:9-12

Altars:
Dithmenos
Makhleb
Nemelex Xobeh
Okawaru
Trog
The Shining One

Shops:
D:7 *

Annotations:
D:10 Fannar


Message History

Fannar freezes you! The ice beast completely misses you.
The ogre closely misses you. Fannar hits you but does no damage.
Fannar freezes you!
The ice beast hits you but does no damage. x2
You slash the ice beast!
The ice beast is almost dead.
You kill the ice beast!
Fannar hits you but does no damage. Fannar freezes you!
The ice beast barely misses you. The ogre hits you with a +0 giant club.
The ice beast hits you but does no damage.
Fannar hits you but does no damage. Fannar freezes you!
* * * LOW HITPOINT WARNING * * *
The ogre hits you with a +0 giant club!
* * * LOW HITPOINT WARNING * * *
You feel much better. The ice beast misses you.
Fannar says, "An icy embrace awaits you..."
Fannar gestures at you while chanting. The bolt of cold hits you!!!
Ouch! That really hurt!
You die...

.......#......
#......#......
###.............
#...#...........
#...............
#.....#.........
#..?#.YO......
#....@....#
#.=...e...#
#.........#
##........#
#........##
#.........#####
#...........<.#
##...:........#
###...##.....#


You could see Fannar (icy armour), an ice beast (summoned) and an ogre.

Vanquished Creatures
  Harold (D:9)
  Maggie (D:9)
  2 hippogriffs
  Sigmund (D:7)
  A steam dragon (D:6)
  Edmund (D:7)
  A water moccasin (D:9)
  Duvessa (D:6)
  2 orc warriors
  2 sky beasts
  4 ice beasts
  An eye of draining (D:9)
  4 centaurs
  An ogre (D:8)
  3 bullfrogs
  Dowan (D:6)
  3 scorpions
  A howler monkey (D:9)
  A centaur zombie (D:5)
  7 hounds
  A jelly (D:5)
  A quasit (D:5)
  6 orc wizards
  2 orc priests
  A bullfrog skeleton (D:8)
  3 centaur skeletons (D:8)
  3 iguanas
  4 worker ants
  Natasha (thrice) (D:2)
  A hound zombie (D:6)
  A hound skeleton (D:4)
  3 gnolls (D:3)
  A howler monkey skeleton (D:3)
  20 adders
  A shadow imp (D:9)
  A white imp (D:5)
  2 ufetubi
  4 oozes
  An adder skeleton (D:4)
  A worm (D:5)
  3 dart slugs
  13 leopard geckos
  15 orcs
  8 bats
  7 giant cockroaches
  7 goblins
  6 hobgoblins
  34 jackals
  6 kobolds
  4 quokkas
  2 ball pythons (D:2)
  7 frilled lizards
  A jackal skeleton (D:5)
  A leopard gecko skeleton (D:4)
  6 rats
219 creatures vanquished.

Vanquished Creatures (others)
  A worker ant (D:6)
1 creature vanquished.

Grand Total: 220 creatures vanquished

Notes
Turn   | Place    | Note
-------+----------+-------------------------------------------
     0 | D:1      | ringofvoid the Human Berserker began the quest for the Orb.
     0 | D:1      | Reached XP level 1. HP: 18/18 MP: 1/1
    86 | D:1      | Reached XP level 2. HP: 24/24 MP: 2/2
   638 | D:1      | Reached XP level 3. HP: 29/29 MP: 3/3
  1319 | D:2      | Reached ** piety under Trog
  1319 | D:2      | Reached XP level 4. HP: 32/37 MP: 4/4
  2197 | D:2      | Reached XP level 5. HP: 42/42 MP: 5/5
  2907 | D:2      | Noticed Natasha
  2924 | D:2      | Killed Natasha
  3112 | D:2      | Reached *** piety under Trog
  3142 | D:2      | Noticed Natasha
  3153 | D:2      | Killed Natasha
  3397 | D:2      | Noticed Natasha
  3404 | D:2      | Killed Natasha
  3404 | D:2      | Reached XP level 6. HP: 50/50 MP: 6/6
  3612 | D:3      | Reached skill level 5 in Fighting
  3612 | D:3      | Reached skill level 5 in Polearms
  4979 | D:3      | Found a burning altar of Makhleb.
  4993 | D:3      | Reached XP level 7. HP: 51/56 MP: 7/7
  6843 | D:4      | Found a sparkling altar of Nemelex Xobeh.
  6843 | D:4      | Found an iron altar of Okawaru.
  7166 | D:5      | Entered Level 5 of the Dungeon
  7964 | D:5      | Reached XP level 8. HP: 65/65 MP: 8/8
  9622 | D:6      | Noticed Duvessa
  9625 | D:6      | Noticed Dowan
  9644 | D:6      | Killed Duvessa
  9650 | D:6      | Killed Dowan
  9826 | D:6      | Got an encrusted ring mail
  9850 | D:6      | Found a transporter.
  9850 | D:6      | Found a transporter.
  9851 | D:6      | Noticed an eight-headed hydra
  9851 | D:6      | Noticed a basilisk
  9856 | D:6      | Found a glowing golden altar of the Shining One.
 10377 | D:6      | Found a staircase to the Ecumenical Temple.
 10839 | D:6      | Reached XP level 9. HP: 68/74 MP: 9/9
 11539 | D:6      | Found a shadowy altar of Dithmenos.
 12004 | D:7      | Found a bloodstained altar of Trog.
 12321 | D:7      | Found Wuskak's Assorted Antiques.
 12768 | D:7      | Bought a scroll of identify for 66 gold pieces
 12851 | D:7      | Noticed Edmund
 12859 | D:7      | Killed Edmund
 12876 | D:7      | Noticed Sigmund
 12892 | D:7      | Killed Sigmund
 14243 | D:8      | Reached XP level 10. HP: 78/83 MP: 10/10
 14602 | D:8      | Reached **** piety under Trog
 15190 | D:9      | Reached skill level 10 in Polearms
 15263 | D:9      | Reached skill level 10 in Fighting
 15325 | D:9      | Noticed Maggie
 15338 | D:9      | Killed Maggie
 15338 | D:9      | Reached skill level 5 in Armour
 15736 | D:9      | Noticed Harold
 15753 | D:9      | Killed Harold
 17310 | D:10     | Entered Level 10 of the Dungeon
 17325 | D:10     | Noticed Fannar
 17335 | D:10     | Killed from afar by Fannar

Illustrated notes

Levels and vault maps discovered:
D:1:      dpeg_arrival_orchard, layout_basic, serial_park_tiny_2
D:2:      layout_rooms, grunt_ministairs_14, minmay_misc_feat_hallway,
          uniq_natasha
D:3:      layout_loops_ring, makhleb_blood_cavern_becter
D:4:      layout_basic, gammafunk_temple_overflow_statue, minmay_vboxes
D:5:      layout_cave_pools
D:6:      layout_rooms, gammafunk_temple_overflow_arena,
          nicolae_overflow_hidden_temple, lemuel_temple_firewalk_b, uniq_duvessa
D:7:      layout_rooms, overflow_temple_1_default, serial_shops,
          nicolae_shop_temple_entry_statues_fountains, sigmund_edmund_badplayer
D:8:      layout_basic, enter_ossuary_3
D:9:      layout_roguey, uniq_maggie, uniq_harold
D:10:     layout_cross, orc_0_dummy, uniq_fannar

Skill      XL: |  1  2  3  4  5  6  7  8  9 10 |
---------------+-------------------------------+-----
Polearms       | 4 5 6 8 9 10 | 10.6
Fighting       | 4 5 6 8 9 10 | 10.6
Armour         | 3 5 |  5.9
Dodging        | |  2.0

Action                   |  1- 3 |  4- 6 |  7- 9 | 10-12 || total
-------------------------+-------+-------+-------+-------++-------
Melee: Spear             |    88 |   315 |   403 |       ||   806
       Scythe            |       |       |    46 |   118 ||   164
Invok: Berserk           |     4 |     7 |    21 |     7 ||    39
       Trog's Hand       |       |     6 |     2 |     6 ||    14
  Use: Potion            |     1 |     3 |     4 |     4 ||    12
       Scroll            |       |     5 |     8 |     7 ||    20
 Stab: Sleeping          |     1 |       |       |       ||     1
       Distracted        |       |       |     1 |       ||     1
Armor: Animal skin       |    16 |    22 |       |       ||    38
       Plate armour      |       |    75 |       |       ||    75
       Chain mail        |       |    17 |   116 |       ||   133
       Ring mail         |       |       |    62 |    44 ||   106
       Steam dragon scal |       |       |       |    33 ||    33
Dodge: Dodged            |    37 |   141 |   152 |    88 ||   418

Table legend: (Time is in decaauts)
 A = Elapsed time spent in this place.
 B = Non-inter-level travel time spent in this place.
 C = Inter-level travel time spent in this place.
 D = Time resting spent in this place.
 E = Time spent auto-exploring this place.
 F = Levels seen in this place.
 G = Mean time per level.
                   A        B        C        D        E       F      G
               +--------+--------+--------+--------+--------+-----+--------+
         Total |  17571 |  17130 |    441 |  10480 |   4793 |  10 | 1757.1 |
       Dungeon |  17571 |  17130 |    441 |  10480 |   4793 |  10 | 1757.1 |
               +--------+--------+--------+--------+--------+-----+--------+

Top non-repeatable levels by time:
     D:5: 2459 daAuts
     D:2: 2432 daAuts
     D:6: 2340 daAuts
     D:4: 2057 daAuts
     D:7: 2026 daAuts
     D:8: 1743 daAuts
     D:9: 1743 daAuts
     D:3: 1519 daAuts
     D:1: 1221 daAuts
    D:10: 28 daAuts
